 Dungeon Crawl Stone Soup version 0.30-a0-458-g86641cc369 (webtiles) character file.

Game seed: 9175291841829102037

553 Monkooky the Ogre Mage (level 7, -20/70 HPs)
             Began as an Ogre Delver on Dec 14, 2022.
             Was a Priest of Jiyva.
             Killed by an exploding themself (45 damage)
             ... ignited by their inner flame
             ... on level 5 of the Dungeon.
             The game lasted 00:08:50 (2855 turns).

Monkooky the Ogre Mage (Ogre Delver)                Turns: 2855, Time: 00:08:51

Health: -20/70     AC:  8    Str: 23    XL:     7   Next: 29%
Magic:  14/14      EV:  9    Int: 22    God:    Jiyva [***...]
Gold:   137        SH:  0    Dex: 10    Spells: 12/15 levels left

rFire   . . .      SeeInvis +    i - +5 short sword of Disembowelment {elec, Str+6 Int+3}
rCold   . . .      Faith    .    (no shield)
rNeg    . . .      Spirit   .    q - +0 acid dragon scales
rPois   +          Reflect  .    (helmet restricted)
rElec   .          Harm     .    m - +0 cloak
rCorr   +          Rampage  .    (gloves unavailable)
Will    .....                    (boots unavailable)
Stlth   ++........               (no amulet)
HPRegen 1.43/turn                h - ring of poison resistance
MPRegen 0.49/turn                r - +6 ring of intelligence

@: no status effects
A: large, unfitting armour, tough skin 1, fangs 1, eyeballs 3
a: Renounce Religion, Oozemancy


You were on level 5 of the Dungeon.
You worshipped Jiyva.
Jiyva was most pleased with you.
You visited 1 branch of the dungeon, and saw 5 of its levels.

You collected 137 gold pieces.

Inventory:

Hand Weapons
 a - a +0 mace
 i - the +5 short sword of Disembowelment (weapon) {elec, Str+6 Int+3}
   (You found it on level 3 of the Dungeon)

   It occasionally discharges a powerful burst of electricity upon striking a
   foe.
   Str:       It affects your strength (+6).
   Int:       It affects your intelligence (+3).
 k - a +0 whip of electrocution
 y - a +0 flail of protection
Armour
 b - a +0 robe
 m - a +0 cloak (worn)
 q - +0 acid dragon scales (worn)
Jewellery
 h - a ring of poison resistance (left hand)
 r - a +6 ring of intelligence (right hand)
Wands
 g - a wand of digging (3)
Scrolls
 c - a scroll of fog
 d - 4 scrolls of magic mapping
 e - 2 scrolls of fear
 j - 3 scrolls of teleportation {unknown}
 o - a scroll of identify {unknown}
 p - a scroll of blinking {unknown}
Potions
 f - 2 potions of haste
 l - 2 potions of berserk rage {unknown}
 n - a potion of degeneration {unknown}
 s - a potion of curing {unknown}
 t - a potion of brilliance {unknown}
 u - a potion of attraction {unknown}
 v - a potion of heal wounds {unknown}
 w - 4 potions of magic {unknown}
 x - a potion of might {unknown}


   Skills:
 - Level 4.0 Fighting
 - Level 3.0 Short Blades
 - Level 2.1 Maces & Flails
 - Level 1.7 Dodging
 - Level 3.7 Stealth
 * Level 4.8 Spellcasting
 + Level 2.6 Hexes
 + Level 2.6 Summonings


You had 12 spell levels left.
You knew the following spells:

 Your Spells              Type           Power      Damage    Failure   Level
a - Summon Guardian Gole  Hex/Summ       16%        N/A       14%         3

Your spell library contained the following spells:

 Spells                   Type           Power      Damage    Failure   Level
 Summon Small Mammal      Summ           64%        N/A       4%          1
 Call Canine Familiar     Summ           16%        N/A       13%         3
 Dazzling Flash           Conj/Hex       22%        N/A       22%         3
 Frozen Ramparts          Ice            10%        1d2       36%         3
 Summon Ice Beast         Ice/Summ       11%        N/A       58%         4
 Ice Form                 Ice/Tmut       5%         N/A       78%         4
 Iskenderun's Mystic Bla  Conj/Tloc      5%         2d3       78%         4
 Starburst                Conj/Fire      2%         6d3       100%        6


Dungeon Overview and Level Annotations

Branches:
Dungeon (5/15)             Temple (0/1) D:5

Altars:
Jiyva

Shops:
D:5 *!


Innate Abilities, Weirdness & Mutations

You are too large for most types of armour.
You have tough skin. (AC +1)
You have very sharp teeth.
Your body is covered in eyes which may confuse attackers. (Acc +7, SInv)


Message History

The gnoll bouda hits something with a +0 club!
The gnoll bouda is burned by acid!
Something closely misses the gnoll bouda.
Your magical contamination has completely faded away.
The gnoll bouda gazes fiercely through something!
The gnoll bouda hits something with a +0 club.
The gnoll bouda is burned by acid!
The gnoll bouda dies!
Something hits the ogre but does no damage.
The howler monkey hoots and howls with incredible vigour!
Something misses the howler monkey.
The jelly hits something but does no damage.
The ogre attacks as you move away!
The ogre hits you with a +0 giant club!!
The howler monkey hits the jelly!
The howler monkey is burned by acid!
The jelly hits the howler monkey.
The howler monkey is splashed with acid.
The acid corrodes the howler monkey!
The howler monkey hits the jelly!
The howler monkey is burned by acid!
The howler monkey dies!
You swap places.
Your guardian golem overheats!
Unknown command.
You swap places.
An iguana comes into view.
The jelly barely misses the iguana.
The ogre hits you with a +0 giant club!!
Unknown command.
You swap places.
The iguana bites you!
The jelly barely misses the iguana.
Unknown command.
Something hits your guardian golem!!
Your guardian golem disappears in a puff of smoke!
Your guardian golem explodes!
The fiery explosion engulfs the jelly!!
The jelly dies!
The fiery explosion engulfs the iguana!!
The iguana dies!
You feel a bit more experienced. The fiery explosion engulfs you!!!
Ouch! That really hurt!
You die...

. ..# # .# ..# #### ##'
########## #... .....#......#
####.## #.#.#.#..#.# #......
#..#..##..### #.#####
#.#.#.#.O##..#.# #.# #
#.....§§#..#.#.# #.### # ####
#######§@......####...# #
...#
#.##.#########........###
##.#
#.##.##........####...... #.#
#.##.##..####..# ##.#### #.#
#.##.##........# #.#
#.######.........###.######.#
#..............#[....<......#
###########..........########
############


There were no monsters in sight!

Vanquished Creatures
  An ice beast (D:5)
  Blork the orc (D:5)
  A necrophage (D:4)
  3 scorpions (D:5)
  A hound (D:5)
  An iguana (D:3)
  2 adders
  An adder zombie (D:2)
  A worm (D:2)
  3 dart slugs
  6 orcs
  10 ball pythons
  A bat zombie (D:2)
  3 endoplasms
  2 giant cockroaches
  5 goblins
  3 hobgoblins (D:1)
  13 kobolds
  4 quokkas
  4 bats
  3 frilled lizards
  A jackal skeleton (D:2)
  6 rats
76 creatures vanquished.

Vanquished Creatures (others)
  An ogre (D:5)
  2 scorpions (D:5)
  A necrophage (D:5)
  A howler monkey (D:5)
  A hound (D:5)
  4 jellies (D:5)
  A gnoll bouda (D:5)
  3 iguanas (D:5)
  An orc wizard (D:5)
  A goblin (D:1)
  A jackal (D:5)
  4 withered plants (D:2)
21 creatures vanquished.

Grand Total: 97 creatures vanquished

Notes
Turn   | Place    | Note
-------+----------+-------------------------------------------
     0 | D:5      | Monkooky the Ogre Delver began the quest for the Orb.
     0 | D:5      | Reached XP level 1. HP: 24/24 MP: 1/1
   104 | D:3      | Identified the +5 short sword of Disembowelment {elec,
                  | Str+6 Int+3}
   107 | D:3      | Noticed an iguana
   128 | D:3      | Reached XP level 2. HP: 32/32 MP: 2/2
   150 | D:2      | Reached skill level 1 in Short Blades
   187 | D:2      | Reached XP level 3. HP: 35/39 MP: 3/3
   493 | D:1      | Found a faded altar of an unknown god.
   497 | D:1      | Prayed at the altar of an unknown god.
   497 | D:1      | Became a worshipper of Jiyva Jennieph the Shapeless
   497 | D:1      | Reached * piety under Jiyva
   628 | D:1      | Reached XP level 4. HP: 48/48 MP: 4/4
   933 | D:1      | Learned a level 3 spell: Summon Guardian Golem
  1288 | D:2      | Reached ** piety under Jiyva
  1580 | D:3      | Reached skill level 1 in Spellcasting
  2067 | D:4      | Noticed a necrophage
  2083 | D:4      | Killed a necrophage
  2084 | D:4      | Reached skill level 1 in Hexes
  2084 | D:4      | Reached skill level 1 in Summonings
  2084 | D:4      | Reached XP level 5. HP: 48/54 MP: 4/8
  2150 | D:4      | Reached *** piety under Jiyva
  2363 | D:5      | Noticed an ice beast
  2364 | D:5      | Gained mutation: Your body has grown eyes which may confuse
                  | attackers. (Acc +3) [Jiyva's grace]
  2364 | D:5      | Gained mutation: Your body has grown many eyes which may
                  | confuse attackers. (Acc +5) [Jiyva's grace]
  2364 | D:5      | Gained mutation: Your body is covered in eyes which may
                  | confuse attackers. (Acc +7, SInv) [Jiyva's grace]
  2364 | D:5      | Gained mutation: You have very sharp teeth. [Jiyva's grace]
  2387 | D:5      | Killed an ice beast
  2388 | D:5      | Reached XP level 6. HP: 62/62 MP: 8/11
  2452 | D:5      | Found Mony's Assorted Antiques.
  2558 | D:5      | Noticed Blork the orc
  2561 | D:5      | Killed Blork the orc
  2562 | D:5      | Reached XP level 7. HP: 70/70 MP: 13/13
  2643 | D:5      | Found Gyon's Distillery.
  2693 | D:5      | Found a staircase to the Ecumenical Temple.
  2855 | D:5      | Killed by an exploding themself... ignited by their inner
                  | flame

Illustrated notes

Levels and vault maps discovered:
D:1:      dpeg_arrival_three_same_balls, layout_basic,
          ebering_ecumenical_altar_box, hangedman_decor_points,
          minmay_misc_feat_hallway
D:2:      layout_rooms, serial_undead, serial_undead_f, serial_undead_e,
          serial_undead_c, serial_undead_a
D:3:      layout_basic
D:4:      layout_cave_pools
D:5:      minmay_clustersquares, layout_loops_ring,
          minmay_temple_entry_overgrown, serial_shops, shop,
          kennysheep_mini_moat, uniq_blork_the_orc

Skill      XL: |  1  2  3  4  5  6 |
---------------+-------------------+-----
Maces & Flails | 2 |  2.1
Short Blades   | 2 3 |  3.0
Spellcasting   | 2 3 4 |  4.8
Hexes          | 1 2 |  2.6
Summonings     | 1 2 |  2.6
Fighting       | |  4.0
Dodging        | |  1.7
Stealth        | |  3.7

Action                   |  1- 3 |  4- 6 |  7- 9 || total
-------------------------+-------+-------+-------++-------
Melee: Mace              |     6 |       |       ||     6
       Short sword       |    62 |    75 |    29 ||   166
       Punch             |     1 |       |       ||     1
       Bite              |       |     5 |     4 ||     9
 Cast: Summon Guardian G |       |     2 |     1 ||     3
 Stab: Sleeping          |     5 |    12 |       ||    17
Armor: Robe              |    12 |       |       ||    12
       Acid dragon scale |       |    23 |    16 ||    39
Dodge: Dodged            |    22 |    23 |    11 ||    56

Table legend: (Time is in decaauts)
 A = Elapsed time spent in this place.
 B = Non-inter-level travel time spent in this place.
 C = Inter-level travel time spent in this place.
 D = Time resting spent in this place.
 E = Time spent auto-exploring this place.
 F = Levels seen in this place.
 G = Mean time per level.
                   A        B        C        D        E       F      G
               +--------+--------+--------+--------+--------+-----+--------+
         Total |   2842 |   2686 |    156 |      0 |   1844 |   5 |  568.4 |
       Dungeon |   2842 |   2686 |    156 |      0 |   1844 |   5 |  568.4 |
               +--------+--------+--------+--------+--------+-----+--------+

Top non-repeatable levels by time:
     D:1: 884 daAuts
     D:3: 668 daAuts
     D:5: 492 daAuts
     D:2: 410 daAuts
     D:4: 386 daAuts
